Sharks vs Flyers (R1)

Created - January 12, 2020 at 19:09

Goals
1 2 3 T
Sharks 2 3 2 7
Flyers 1 2 1 4
Shots
1 2 3 T
Sharks 14 12 12 38
Flyers 7 11 10 28

1st period

1. Sharks , Martins Karsums 4 (Drew Doughty 33, Brandon Dubinsky 16) at 0:36
2. Sharks , Martins Karsums 5 (Jason Spezza 23, Bobby Butler 4) at 4:11 (PP)
3. Flyers , Jordan Nolan 6 (Matt Smaby 14) at 18:45

Penalties :
Jeff Carter (Phi) for Slashing (Minor) at 3:11, Jonathan Ericsson (Phi) for Charging (Minor) at 8:00, Adam Larsson (SJS) for Slashing (Minor) at 10:50, Matthew Lombardi (Phi) for Tripping (Minor) at 13:30

2nd period

4. Sharks , Jiri Tlusty 1 (Zach Boychuk 6) at 10:56
5. Sharks , Drew Doughty 13 (Jason Spezza 24) at 13:39 (PP)
6. Flyers , Chris Mcallister 10 (Ryan Callahan 8, Matthew Lombardi 7) at 14:57
7. Flyers , Jordan Nolan 7 (Brock Nelson 6) at 18:31
8. Sharks , Bobby Butler 9 (Mike Cammalleri 6, Jason Spezza 25) at 18:43

Penalties :
Nathan Beaulieu (Phi) for Hooking (Minor) at 1:25, Chris Mcallister (Phi) for Tripping (Minor) at 13:25, Andrej Sekera (SJS) for Boarding (Minor) at 19:59

3rd period

9. Flyers , Jakub Voracek 16 (Matt Smaby 15, Jeff Carter 28) at 4:42
10. Sharks , Drew Doughty 14 (Jason Spezza 26, Bobby Butler 5) at 8:20 (PP)
11. Sharks , Stefan Ruzicka 8 (Luke Adam 2, Adam Larsson 9) at 14:15

Penalties :
Martins Karsums (SJS) for Hooking (Minor) at 5:22, Jeff Woywitka (Phi) for Hooking (Minor) at 5:30, J.T. Miller (Phi) for Hooking (Minor) at 8:04, Martins Karsums (SJS) for Holding (Minor) at 10:45, Matt Corrente (SJS) for Interference (Minor) at 15:59

Goalie Stats

Ryan Miller (SJS), 24 saves from 28 shots - (0.857), W, 12-10-3, 60:00 minutes
Steve Mason (Phi), 31 saves from 38 shots - (0.816), L, 14-10-2, 60:00 minutes

Players Stats for Sharks

Player Name              G  A  P  +/- PIM S  H  SB GA TA FO     MP     PP MP  PK MP  
------------------------------------------------------------------------------------
Adam Larsson             0  1  1  -2  2   0  3  2  1  1  0/0    18:51   2:04   2:19 
Alec Martinez            0  0  0   1  0   0  0  0  0  0  0/0     3:37   0:00   0:37 
Andrej Sekera            0  0  0  -2  2   2  1  2  0  0  0/0    18:58   2:04   2:37 
Ben Lovejoy              0  0  0   2  0   1  0  3  0  0  0/0    29:00   5:31   4:36 
Bobby Butler             1  2  3  -1  0   1  2  0  0  0  1/4    18:10   5:14   0:00 
Brandon Dubinsky         0  1  1   0  0   0  1  0  0  1  9/16   18:04   2:14   2:05 
David Rundblad           0  0  0   0  0   0  0  0  0  1  0/0     9:03   0:00   0:00 
Drew Doughty             2  1  3   1  0   11 0  2  1  0  0/0    31:04   5:31   4:36 
Jason Spezza             0  4  4  -1  0   5  1  1  2  1  17/40  27:06   5:21   4:11 
Jiri Tlusty              1  0  1   0  0   1  1  0  0  0  0/0     6:05   0:00   0:00 
Luke Adam                0  1  1   1  0   1  0  0  0  0  4/6    11:42   0:00   0:00 
Martins Karsums          2  0  2   0  4   9  1  0  0  0  1/1    13:35   2:21   0:00 
Matt Corrente            0  0  0   0  2   0  2  0  0  1  0/0    10:32   0:00   1:23 
Mike Cammalleri          0  1  1  -1  0   0  1  0  0  1  2/4    24:23   5:21   4:10 
Milan Michalek           0  0  0   0  0   3  2  1  0  0  0/1    17:02   2:14   3:31 
Oskar Osala              0  0  0   1  0   3  1  2  0  0  0/1    12:46   0:00   0:15 
Stefan Ruzicka           1  0  1   1  0   1  0  0  0  0  0/0    13:30   0:00   1:56 
Zach Boychuk             0  1  1   0  0   0  0  0  0  0  1/1     6:32   0:00   0:00 

Players Stats for Flyers

Player Name              G  A  P  +/- PIM S  H  SB GA TA FO     MP     PP MP  PK MP  
------------------------------------------------------------------------------------
Brian Lashoff            0  0  0   1  0   0  0  0  0  0  0/0    15:54   0:06   5:24 
Brock Nelson             0  1  1   1  0   2  0  0  0  0  0/1    11:50   0:00   0:00 
Chris Mcallister         1  0  1   0  2   1  4  0  1  0  0/0    11:57   0:18   4:25 
Drew Miller              0  0  0   1  0   6  0  1  0  0  1/1    19:05   4:21   2:06 
J.T. Miller              0  0  0  -2  2   3  1  0  0  0  0/1    17:06   3:25   1:04 
Jakub Voracek            1  0  1   1  0   2  2  0  0  0  0/0    15:37   4:17   0:00 
Jeff Carter              0  1  1   1  2   1  2  0  0  1  15/27  17:34   4:17   0:04 
Jeff Woywitka            0  0  0   0  2   0  1  0  1  0  0/0    20:43   4:22   5:24 
Jonathan Ericsson        0  0  0  -1  2   0  3  1  1  0  0/0    22:45   4:29   0:08 
Jordan Nolan             2  0  2   1  0   5  0  0  0  0  4/14   16:19   0:22   3:19 
Marcus Kruger            0  0  0  -2  0   0  1  0  0  0  10/17  15:46   3:25   0:46 
Mats Zuccarello          0  0  0  -2  0   2  3  0  1  0  0/0    14:22   3:25   0:00 
Matt Smaby               0  2  2  -1  0   1  1  2  1  2  0/0    21:16   0:00   2:11 
Matthew Lombardi         0  1  1   0  2   1  0  1  1  1  8/12   10:21   0:00   3:26 
Nathan Beaulieu          0  0  0   1  2   1  1  2  0  0  0/0    18:45   3:35   0:00 
Oliver Ekman-Larsson     0  0  0   0  0   0  2  1  0  0  0/0    21:56   3:35   2:03 
Ryan Callahan            0  1  1   0  0   1  0  0  0  0  0/0     7:21   0:22   0:00 
Tomas Kubalik            0  0  0   1  0   2  2  1  0  0  1/1    11:50   0:00   0:00 

3 Stars

1 - Drew Doughty (SJS)
2 - Bobby Butler (SJS)
3 - Jason Spezza (SJS)

Power Play

Sharks - 3 on 7 Attempt(s) - 42.86%
Flyers - 0 on 5 Attempt(s) - 0.00%

Penalty Kill

Sharks - 5 on 5 Attempt(s) - 100.00% - Score 0 goal in Penalty Kill
Flyers - 4 on 7 Attempt(s) - 57.14% - Score 0 goal in Penalty Kill

Team Stat

Sharks - Hits : 16 - Faceoff Wins : 35 - Blocked Shots : 13 - Penalty Minutes : 10
Flyers - Hits : 23 - Faceoff Wins : 39 - Blocked Shots : 9 - Penalty Minutes : 14

Official

Referees : Unknown
Linesman : Unknown

Game Notes

No Game Note

Finance

Level 1 -- Attendance: 6000 (100.00%) -- Ticket Income $630,000
Level 2 -- Attendance: 3889 (77.78%) -- Ticket Income $272,230
Level 3 -- Attendance: 1623 (81.15%) -- Ticket Income $73,035
Level 4 -- Attendance: 3670 (91.75%) -- Ticket Income $110,100
Luxury Box -- Attendance: 1000 (100.00%) -- Ticket Income $180,000
Game was played at the Wells Fargo Center.
Total Attendance: 16182 (89.90%)
Total Ticket Income: $1,265,365
Other Income: $189,805
Total Income: $1,455,170

Sharks

5 vs 5 Forward 
   Center                   Left Wing                Right Wing               Time % Phy DF OF 
 1 Jason Spezza             Mike Cammalleri          Bobby Butler             40     1   2  2  
 2 Brandon Dubinsky         Milan Michalek           Martins Karsums          30     1   2  2  
 3 Luke Adam                Oskar Osala              Stefan Ruzicka           20     1   2  2  
 4 Jason Spezza             Zach Boychuk             Jiri Tlusty              10     1   2  2  

5 vs 5 Defense 
   Defense                  Defense                                           Time % Phy DF OF 
 1 Drew Doughty             Ben Lovejoy                                       40     1   2  2  
 2 Andrej Sekera            Adam Larsson                                      30     1   2  2  
 3 David Rundblad           Matt Corrente                                     20     1   2  2  
 4 Alec Martinez            Drew Doughty                                      10     1   2  2  

PowerPlay Forward 
   Center                   Left Wing                Right Wing               Time % Phy DF OF 
 1 Jason Spezza             Mike Cammalleri          Bobby Butler             60     1   2  2  
 2 Brandon Dubinsky         Milan Michalek           Martins Karsums          40     1   2  2  

PowerPlay Defense
   Defense                  Defense                                           Time % Phy DF OF 
 1 Drew Doughty             Ben Lovejoy                                       60     1   2  2  
 2 Andrej Sekera            Adam Larsson                                      40     1   2  2  

Penalty Kill 4 Players Forward 
   Center                   Wing                     Time % Phy DF OF 
 1 Jason Spezza             Mike Cammalleri          60     1   4  0  
 2 Milan Michalek           Brandon Dubinsky         40     1   4  0  

Penalty Kill 4 Players Defense
   Defense                  Defense                  Time % Phy DF OF 
 1 Drew Doughty             Ben Lovejoy              60     1   4  0  
 2 Andrej Sekera            Adam Larsson             40     1   4  0  

Penalty Kill - 3 Players Forward 
   Forward                                           Time % Phy DF OF 
 1 Jason Spezza                                      60     1   4  0  
 2 Mike Cammalleri                                   40     1   4  0  

Penalty Kill - 3 Players Defense
   Defense                  Defense                  Time % Phy DF OF 
 1 Drew Doughty             Ben Lovejoy              60     1   4  0  
 2 Andrej Sekera            Adam Larsson             40     1   4  0  

4 vs 4 Forward 
   Center                   Wing                     Time % Phy DF OF 
 1 Jason Spezza             Mike Cammalleri          60     1   2  2  
 2 Milan Michalek           Brandon Dubinsky         40     1   2  2  

4 vs 4 Defense
   Defense                  Defense                  Time % Phy DF OF 
 1 Drew Doughty             Ben Lovejoy              60     1   2  2  
 2 Andrej Sekera            Adam Larsson             40     1   2  2  

Last Minutes Offensive
   Center                   Left Wing                Right Wing               Defense                  Defense                  
   Jason Spezza             Mike Cammalleri          Bobby Butler             Drew Doughty             Ben Lovejoy              

Last Minutes Defensive
   Center                   Left Wing                Right Wing               Defense                  Defense                  
   Jason Spezza             Mike Cammalleri          Bobby Butler             Drew Doughty             Ben Lovejoy              

Goaltenders
Starting : Ryan Miller              
Backup : Anders Nilsson           

Extra Forwards
Normal : Oskar Osala, Zach Boychuk, Stefan Ruzicka - PP : Oskar Osala, Zach Boychuk - PK : Stefan Ruzicka
Extra Defensemen
Normal : David Rundblad, Matt Corrente, Alec Martinez - PP : David Rundblad - PK : Matt Corrente, Alec Martinez
Penalty Shots
Jason Spezza, Mike Cammalleri, Milan Michalek, Brandon Dubinsky, Oskar Osala

Scratches
Nikolai Kulemin (Healthy), T.J. Hensick (Healthy)

Flyers

5 vs 5 Forward 
   Center                   Left Wing                Right Wing               Time % Phy DF OF 
 1 Jeff Carter              Drew Miller              Jakub Voracek            30     0   1  4  
 2 Marcus Kruger            J.T. Miller              Mats Zuccarello          30     0   1  4  
 3 Jordan Nolan             Brock Nelson             Tomas Kubalik            30     0   2  3  
 4 Matthew Lombardi         Chris Mcallister         Ryan Callahan            10     1   3  1  

5 vs 5 Defense 
   Defense                  Defense                                           Time % Phy DF OF 
 1 Matt Smaby               Jonathan Ericsson                                 40     1   2  2  
 2 Nathan Beaulieu          Oliver Ekman-Larsson                              30     1   2  2  
 3 Brian Lashoff            Jeff Woywitka                                     20     1   2  2  
 4 Oliver Ekman-Larsson     Jeff Woywitka                                     10     1   2  2  

PowerPlay Forward 
   Center                   Left Wing                Right Wing               Time % Phy DF OF 
 1 Jeff Carter              Drew Miller              Jakub Voracek            60     0   0  5  
 2 Marcus Kruger            J.T. Miller              Mats Zuccarello          40     0   0  5  

PowerPlay Defense
   Defense                  Defense                                           Time % Phy DF OF 
 1 Jonathan Ericsson        Jeff Woywitka                                     60     0   2  3  
 2 Oliver Ekman-Larsson     Nathan Beaulieu                                   40     0   2  3  

Penalty Kill 4 Players Forward 
   Center                   Wing                     Time % Phy DF OF 
 1 Matthew Lombardi         Chris Mcallister         60     0   4  1  
 2 Jordan Nolan             Drew Miller              40     0   4  1  

Penalty Kill 4 Players Defense
   Defense                  Defense                  Time % Phy DF OF 
 1 Brian Lashoff            Jeff Woywitka            60     1   4  0  
 2 Matt Smaby               Oliver Ekman-Larsson     40     1   4  0  

Penalty Kill - 3 Players Forward 
   Forward                                           Time % Phy DF OF 
 1 Matthew Lombardi                                  60     0   4  1  
 2 Jordan Nolan                                      40     0   4  1  

Penalty Kill - 3 Players Defense
   Defense                  Defense                  Time % Phy DF OF 
 1 Brian Lashoff            Jeff Woywitka            60     1   4  0  
 2 Matt Smaby               Oliver Ekman-Larsson     40     1   4  0  

4 vs 4 Forward 
   Center                   Wing                     Time % Phy DF OF 
 1 Jeff Carter              J.T. Miller              60     0   2  3  
 2 Marcus Kruger            Drew Miller              40     0   2  3  

4 vs 4 Defense
   Defense                  Defense                  Time % Phy DF OF 
 1 Jonathan Ericsson        Matt Smaby               60     0   3  2  
 2 Nathan Beaulieu          Oliver Ekman-Larsson     40     0   3  2  

Last Minutes Offensive
   Center                   Left Wing                Right Wing               Defense                  Defense                  
   Jeff Carter              Drew Miller              Jakub Voracek            Oliver Ekman-Larsson     Jeff Woywitka            

Last Minutes Defensive
   Center                   Left Wing                Right Wing               Defense                  Defense                  
   Matthew Lombardi         Chris Mcallister         Ryan Callahan            Oliver Ekman-Larsson     Jeff Woywitka            

Goaltenders
Starting : Steve Mason              
Backup : Cam Ward                 

Extra Forwards
Normal : Jeff Carter, Chris Mcallister, Drew Miller - PP : Jeff Carter, Drew Miller - PK : Chris Mcallister
Extra Defensemen
Normal : Brian Lashoff, Nathan Beaulieu, Matt Smaby - PP : Brian Lashoff - PK : Nathan Beaulieu, Matt Smaby
Penalty Shots
Jeff Carter, Jordan Nolan, J.T. Miller, Jakub Voracek, Ryan Callahan

Scratches
None


% Time on Ice - Sharks

Lines # - Real PCT - Wanted PCT - Time Play
Normal Forward
1 - 32% - 40% - 13:27
2 - 27% - 30% - 11:16
3 - 28% - 20% - 11:42
4 - 14% - 10% - 6:05
Normal Defense
1 - 41% - 40% - 17:23
2 - 31% - 30% - 13:08
3 - 21% - 20% - 9:03
4 - 7% - 10% - 2:56
PP Forward
1 - 71% - 60% - 5:21
2 - 29% - 40% - 2:14
PP Defense
1 - 73% - 60% - 5:31
2 - 27% - 40% - 2:04
PK Forward
1 - 78% - 60% - 6:19
2 - 22% - 40% - 1:45
PK Defense
1 - 57% - 60% - 4:36
2 - 43% - 40% - 3:28
PK3 Forward
1 - 0% - 60%
2 - 0% - 40%
PK3 Defense
1 - 0% - 60%
2 - 0% - 40%
44 Forward
1 - 81% - 60% - 1:30
2 - 19% - 40% - 0:21
44 Defense
1 - 81% - 60% - 1:30
2 - 19% - 40% - 0:21
Last Minute Offensive  - 0:00
Last Minute Defensive  - 0:00
Total
Forward - 60:00
Defense - 60:00

% Time on Ice - Flyers

Lines # - Real PCT - Wanted PCT - Time Play
Normal Forward
1 - 28% - 30% - 12:03
2 - 28% - 30% - 12:01
3 - 28% - 30% - 11:50
4 - 16% - 10% - 6:36
Normal Defense
1 - 43% - 40% - 18:27
2 - 30% - 30% - 12:56
3 - 19% - 20% - 8:05
4 - 7% - 10% - 3:02
PP Forward
1 - 58% - 60% - 4:39
2 - 42% - 40% - 3:25
PP Defense
1 - 56% - 60% - 4:29
2 - 44% - 40% - 3:35
PK Forward
1 - 72% - 60% - 5:29
2 - 28% - 40% - 2:06
PK Defense
1 - 73% - 60% - 5:32
2 - 27% - 40% - 2:03
PK3 Forward
1 - 0% - 60%
2 - 0% - 40%
PK3 Defense
1 - 0% - 60%
2 - 0% - 40%
44 Forward
1 - 84% - 60% - 1:33
2 - 16% - 40% - 0:18
44 Defense
1 - 82% - 60% - 1:31
2 - 18% - 40% - 0:20
Last Minute Offensive  - 0:00
Last Minute Defensive  - 0:00
Total
Forward - 60:00
Defense - 60:00

Play-by-Play

1st period


0:01 of 1st period - Drew Miller wins face-off versus Jason Spezza in neutral zone.
0:12 of 1st period - Wrist shot by Drew Miller.
0:12 of 1st period - Stopped by Ryan Miller with a rebound.
0:36 of 1st period - Wrist shot by Martins Karsums.
0:36 of 1st period - Goal by Martins Karsums - Sharks : 1 - Flyers : 0.
0:37 of 1st period - Luke Adam wins face-off versus Jordan Nolan in neutral zone.
0:44 of 1st period - Snap shot by Oskar Osala.
0:44 of 1st period - Shot Misses the Net.
0:53 of 1st period - Off-side.
0:54 of 1st period - Matthew Lombardi wins face-off versus Jason Spezza in neutral zone.
1:21 of 1st period - Snap shot by Tomas Kubalik.
1:21 of 1st period - Stopped by Ryan Miller without a rebound.
1:22 of 1st period - Brandon Dubinsky wins face-off versus Brock Nelson in Sharks zone.
2:30 of 1st period - Wrist shot by Drew Doughty.
2:30 of 1st period - Shot Blocked by Matthew Lombardi.
2:32 of 1st period - Slapshot by Drew Doughty.
2:32 of 1st period - Deflect By Matt Smaby.
2:32 of 1st period - Stopped by Steve Mason with a rebound.
2:34 of 1st period - Wrist shot by Martins Karsums.
2:34 of 1st period - Stopped by Steve Mason without a rebound.
2:35 of 1st period - Jeff Carter wins face-off versus Brandon Dubinsky in Flyers zone.
3:11 of 1st period - Minor Penalty to Jeff Carter for Slashing.
3:12 of 1st period - Matthew Lombardi wins face-off versus Jason Spezza in Flyers zone.
3:28 of 1st period - Slapshot by Drew Doughty.
3:28 of 1st period - Shot Misses the Net.
4:11 of 1st period - Wrist shot by Martins Karsums.
4:11 of 1st period - Goal by Martins Karsums - Sharks : 2 - Flyers : 0.
4:12 of 1st period - Marcus Kruger wins face-off versus Jason Spezza in neutral zone.
5:02 of 1st period - Snap shot by Matthew Lombardi.
5:02 of 1st period - Shot Blocked by Ben Lovejoy.
6:00 of 1st period - Off-side.
6:01 of 1st period - Jordan Nolan wins face-off versus Bobby Butler in neutral zone.
6:08 of 1st period - Wrist shot by Brock Nelson.
6:08 of 1st period - Stopped by Ryan Miller with a rebound.
6:10 of 1st period - Slapshot by Brock Nelson.
6:10 of 1st period - Shot Misses the Net.
6:20 of 1st period - Snap shot by Jordan Nolan.
6:20 of 1st period - Stopped by Ryan Miller without a rebound.
6:21 of 1st period - Marcus Kruger wins face-off versus Brandon Dubinsky in Sharks zone.
7:14 of 1st period - Nathan Beaulieu is hit by Jason Spezza and loses puck.
7:29 of 1st period - Wrist shot by Jordan Nolan.
7:29 of 1st period - Shot Misses the Net.
7:52 of 1st period - Snap shot by Marcus Kruger.
7:52 of 1st period - Shot Blocked by Oskar Osala.
8:00 of 1st period - Minor Penalty to Jonathan Ericsson for Charging.
8:01 of 1st period - Matthew Lombardi wins face-off versus Jason Spezza in Flyers zone.
8:10 of 1st period - Snap shot by Matthew Lombardi.
8:10 of 1st period - Shot Misses the Net.
8:28 of 1st period - Chris Mcallister is hit by Martins Karsums and loses puck.
8:46 of 1st period - Icing by Brandon Dubinsky.
8:47 of 1st period - Matthew Lombardi wins face-off versus Brandon Dubinsky in Sharks zone.
9:00 of 1st period - Snap shot by Drew Doughty.
9:00 of 1st period - Shot Misses the Net.
9:02 of 1st period - Slapshot by Bobby Butler.
9:02 of 1st period - Shot Misses the Net.
9:04 of 1st period - Slapshot by Drew Doughty.
9:04 of 1st period - Stopped by Steve Mason without a rebound.
9:05 of 1st period - Jason Spezza wins face-off versus Jordan Nolan in Flyers zone.
9:38 of 1st period - Wrist shot by Mike Cammalleri.
9:38 of 1st period - Shot Blocked by Oliver Ekman-Larsson.
9:40 of 1st period - Wrist shot by Andrej Sekera.
9:40 of 1st period - Deflect By Jordan Nolan.
9:40 of 1st period - Stopped by Steve Mason with a rebound.
9:42 of 1st period - Slapshot by Andrej Sekera.
9:42 of 1st period - Shot Misses the Net.
9:44 of 1st period - Slapshot by Adam Larsson.
9:44 of 1st period - Deflect By Jason Spezza.
9:44 of 1st period - Stopped by Steve Mason with a rebound.
9:46 of 1st period - Wrist shot by Adam Larsson.
9:46 of 1st period - Deflect By Mike Cammalleri.
9:46 of 1st period - Shot Misses the Net.
9:46 of 1st period - Puck is out of play.
9:47 of 1st period - Brandon Dubinsky wins face-off versus Matthew Lombardi in Flyers zone.
10:00 of 1st period - Penalty to Jonathan Ericsson is over, Jonathan Ericsson is back on ice.
10:04 of 1st period - Wrist shot by Matthew Lombardi.
10:04 of 1st period - Stopped by Ryan Miller without a rebound.
10:05 of 1st period - Luke Adam wins face-off versus Marcus Kruger in Sharks zone.
10:05 of 1st period - Luke Adam is hit by Mats Zuccarello.
10:21 of 1st period - Slapshot by Drew Doughty.
10:21 of 1st period - Stopped by Steve Mason with a rebound.
10:50 of 1st period - Minor Penalty to Adam Larsson for Slashing.
10:51 of 1st period - Jeff Carter wins face-off versus Jason Spezza in Sharks zone.
12:21 of 1st period - Jeff Woywitka is hit by Brandon Dubinsky and loses puck.
12:40 of 1st period - Milan Michalek is hit by Oliver Ekman-Larsson.
12:50 of 1st period - Penalty to Adam Larsson is over, Adam Larsson is back on ice.
12:56 of 1st period - Slapshot by Drew Doughty.
12:56 of 1st period - Shot Misses the Net.
13:02 of 1st period - Wrist shot by Jordan Nolan.
13:02 of 1st period - Stopped by Ryan Miller with a rebound.
13:20 of 1st period - Wrist shot by Oskar Osala.
13:20 of 1st period - Shot Misses the Net.
13:22 of 1st period - Slapshot by Drew Doughty.
13:22 of 1st period - Shot Misses the Net.
13:24 of 1st period - Slapshot by Ben Lovejoy.
13:24 of 1st period - Stopped by Steve Mason with a rebound.
13:30 of 1st period - Minor Penalty to Matthew Lombardi for Tripping.
13:31 of 1st period - Brandon Dubinsky wins face-off versus Jordan Nolan in Flyers zone.
13:32 of 1st period - Snap shot by Martins Karsums.
13:32 of 1st period - Stopped by Steve Mason without a rebound.
13:33 of 1st period - Brandon Dubinsky wins face-off versus Jordan Nolan in Flyers zone.
13:44 of 1st period - Wrist shot by Milan Michalek.
13:44 of 1st period - Stopped by Steve Mason without a rebound.
13:45 of 1st period - Jordan Nolan wins face-off versus Jason Spezza in Flyers zone.
14:44 of 1st period - J.T. Miller is hit by Milan Michalek and loses puck.
15:30 of 1st period - Penalty to Matthew Lombardi is over, Matthew Lombardi is back on ice.
15:42 of 1st period - Bobby Butler is hit by Jonathan Ericsson and loses puck.
16:01 of 1st period - Snap shot by Oskar Osala.
16:01 of 1st period - Stopped by Steve Mason without a rebound.
16:02 of 1st period - Marcus Kruger wins face-off versus Luke Adam in Flyers zone.
16:39 of 1st period - Snap shot by Oskar Osala.
16:39 of 1st period - Stopped by Steve Mason with a rebound.
17:04 of 1st period - Jordan Nolan is hit by Matt Corrente and loses puck.
18:15 of 1st period - Off-side.
18:16 of 1st period - Tomas Kubalik wins face-off versus Brandon Dubinsky in neutral zone.
18:38 of 1st period - Martins Karsums is hit by Jonathan Ericsson and loses puck.
18:43 of 1st period - Slapshot by Jordan Nolan.
18:43 of 1st period - Shot Blocked by Andrej Sekera.
18:45 of 1st period - Wrist shot by Jordan Nolan.
18:45 of 1st period - Goal by Jordan Nolan - Sharks : 2 - Flyers : 1.
18:46 of 1st period - Jason Spezza wins face-off versus Marcus Kruger in neutral zone.
18:58 of 1st period - Snap shot by J.T. Miller.
18:58 of 1st period - Shot Misses the Net.
19:00 of 1st period - Wrist shot by Matt Smaby.
19:00 of 1st period - Deflect By Mats Zuccarello.
19:00 of 1st period - Shot Blocked by Drew Doughty.
19:00 of 1st period - Puck is out of play.
19:01 of 1st period - Mike Cammalleri wins face-off versus Jeff Carter in Sharks zone.
19:01 of 1st period - Mike Cammalleri is hit by Jakub Voracek.
19:34 of 1st period - Snap shot by Milan Michalek.
19:34 of 1st period - Stopped by Steve Mason without a rebound.
19:35 of 1st period - Jason Spezza wins face-off versus Marcus Kruger in Flyers zone.
Goals for this period are 2 for Sharks vs 1 for Flyers.
Shots for this period are 14 for Sharks vs 7 for Flyers.

2nd period


0:01 of 2nd period - Jeff Carter wins face-off versus Jason Spezza in neutral zone.
0:12 of 2nd period - Wrist shot by Drew Miller.
0:12 of 2nd period - Shot Blocked by Ben Lovejoy.
0:36 of 2nd period - Slapshot by Martins Karsums.
0:36 of 2nd period - Stopped by Steve Mason with a rebound.
0:54 of 2nd period - Snap shot by Brock Nelson.
0:54 of 2nd period - Stopped by Ryan Miller with a rebound.
0:56 of 2nd period - Slapshot by Matt Smaby.
0:56 of 2nd period - Shot Blocked by Andrej Sekera.
1:12 of 2nd period - Wrist shot by Zach Boychuk.
1:12 of 2nd period - Shot Misses the Net.
1:14 of 2nd period - Slapshot by Adam Larsson.
1:14 of 2nd period - Deflect By Jiri Tlusty.
1:14 of 2nd period - Shot Misses the Net.
1:14 of 2nd period - Puck is out of play.
1:15 of 2nd period - Jason Spezza wins face-off versus Jeff Carter in Flyers zone.
1:16 of 2nd period - Wrist shot by Jiri Tlusty.
1:16 of 2nd period - Shot Misses the Net.
1:18 of 2nd period - Snap shot by Jason Spezza.
1:18 of 2nd period - Shot Misses the Net.
1:20 of 2nd period - Wrist shot by Jason Spezza.
1:20 of 2nd period - Stopped by Steve Mason with a rebound.
1:22 of 2nd period - Snap shot by Jason Spezza.
1:22 of 2nd period - Deflect By Nathan Beaulieu.
1:22 of 2nd period - Shot Misses the Net.
1:22 of 2nd period - Puck is out of play.
1:23 of 2nd period - Jeff Carter wins face-off versus Jason Spezza in Flyers zone.
1:25 of 2nd period - Minor Penalty to Nathan Beaulieu for Hooking.
1:26 of 2nd period - Matthew Lombardi wins face-off versus Jason Spezza in Flyers zone.
1:26 of 2nd period - Matthew Lombardi is hit by Bobby Butler.
1:31 of 2nd period - Slapshot by Jeff Woywitka.
1:31 of 2nd period - Shot Misses the Net.
1:41 of 2nd period - Slapshot by Drew Doughty.
1:41 of 2nd period - Deflect By Jason Spezza.
1:41 of 2nd period - Stopped by Steve Mason without a rebound.
1:42 of 2nd period - Matthew Lombardi wins face-off versus Jason Spezza in Flyers zone.
3:25 of 2nd period - Penalty to Nathan Beaulieu is over, Nathan Beaulieu is back on ice.
4:26 of 2nd period - Slapshot by Drew Doughty.
4:26 of 2nd period - Shot Blocked by Drew Miller.
4:28 of 2nd period - Backhand shot by Jason Spezza.
4:28 of 2nd period - Stopped by Steve Mason without a rebound.
4:29 of 2nd period - Brandon Dubinsky wins face-off versus Marcus Kruger in Flyers zone.
4:38 of 2nd period - J.T. Miller is hit by Adam Larsson.
4:47 of 2nd period - Jeff Woywitka is hit by Adam Larsson.
6:05 of 2nd period - Brandon Dubinsky is hit by Chris Mcallister.
6:15 of 2nd period - Luke Adam is hit by J.T. Miller and loses puck.
6:33 of 2nd period - Matt Corrente is hit by Tomas Kubalik.
6:40 of 2nd period - Icing by Tomas Kubalik.
6:41 of 2nd period - Zach Boychuk wins face-off versus Jordan Nolan in Flyers zone.
8:49 of 2nd period - Zach Boychuk is hit by Chris Mcallister.
9:25 of 2nd period - Zach Boychuk is hit by Jonathan Ericsson and loses puck.
9:42 of 2nd period - Brandon Dubinsky is hit by Nathan Beaulieu and loses puck.
10:25 of 2nd period - Nathan Beaulieu is hit by Matt Corrente and loses puck.
10:44 of 2nd period - Zach Boychuk is hit by Tomas Kubalik and loses puck.
10:51 of 2nd period - Tomas Kubalik is hit by Jiri Tlusty and loses puck.
10:56 of 2nd period - Wrist shot by Zach Boychuk.
10:56 of 2nd period - Deflect By Jiri Tlusty.
10:56 of 2nd period - Goal by Jiri Tlusty - Sharks : 3 - Flyers : 1.
10:57 of 2nd period - Jason Spezza wins face-off versus Jeff Carter in neutral zone.
11:05 of 2nd period - Matt Smaby is hit by Bobby Butler and loses puck.
12:18 of 2nd period - Jakub Voracek is hit by Adam Larsson and loses puck.
12:44 of 2nd period - Snap shot by J.T. Miller.
12:44 of 2nd period - Stopped by Ryan Miller with a rebound.
12:46 of 2nd period - Snap shot by Mats Zuccarello.
12:46 of 2nd period - Shot Misses the Net.
12:48 of 2nd period - Wrist shot by Jonathan Ericsson.
12:48 of 2nd period - Shot Misses the Net.
13:11 of 2nd period - David Rundblad is hit by Oliver Ekman-Larsson and loses puck.
13:18 of 2nd period - Backhand shot by Oskar Osala.
13:18 of 2nd period - Shot Misses the Net.
13:25 of 2nd period - Minor Penalty to Chris Mcallister for Tripping.
13:26 of 2nd period - Matthew Lombardi wins face-off versus Jason Spezza in Flyers zone.
13:37 of 2nd period - Snap shot by Drew Doughty.
13:37 of 2nd period - Stopped by Steve Mason without a rebound.
13:38 of 2nd period - Jason Spezza wins face-off versus Matthew Lombardi in Flyers zone.
13:39 of 2nd period - Slapshot by Drew Doughty.
13:39 of 2nd period - Goal by Drew Doughty - Sharks : 4 - Flyers : 1.
13:40 of 2nd period - Jeff Carter wins face-off versus Mike Cammalleri in neutral zone.
13:53 of 2nd period - Wrist shot by Drew Miller.
13:53 of 2nd period - Stopped by Ryan Miller without a rebound.
13:54 of 2nd period - Jason Spezza wins face-off versus Jeff Carter in Sharks zone.
13:59 of 2nd period - Slapshot by Drew Doughty.
13:59 of 2nd period - Stopped by Steve Mason without a rebound.
14:00 of 2nd period - Jeff Carter wins face-off versus Jason Spezza in Flyers zone.
14:39 of 2nd period - Snap shot by Jordan Nolan.
14:39 of 2nd period - Deflect By Tomas Kubalik.
14:39 of 2nd period - Stopped by Ryan Miller with a rebound.
14:49 of 2nd period - Snap shot by Chris Mcallister.
14:49 of 2nd period - Shot Misses the Net.
14:51 of 2nd period - Snap shot by Nathan Beaulieu.
14:51 of 2nd period - Stopped by Ryan Miller with a rebound.
14:53 of 2nd period - Slapshot by Nathan Beaulieu.
14:53 of 2nd period - Deflect By Chris Mcallister.
14:53 of 2nd period - Shot Misses the Net.
14:53 of 2nd period - Puck is out of play.
14:54 of 2nd period - Matthew Lombardi wins face-off versus Jason Spezza in Sharks zone.
14:55 of 2nd period - Slapshot by Chris Mcallister.
14:55 of 2nd period - Deflect By Ryan Callahan.
14:55 of 2nd period - Stopped by Ryan Miller with a rebound.
14:57 of 2nd period - Wrist shot by Chris Mcallister.
14:57 of 2nd period - Goal by Chris Mcallister - Sharks : 4 - Flyers : 2.
14:58 of 2nd period - Jeff Carter wins face-off versus Jason Spezza in neutral zone.
15:28 of 2nd period - Slapshot by Jordan Nolan.
15:28 of 2nd period - Stopped by Ryan Miller without a rebound.
15:29 of 2nd period - Jason Spezza wins face-off versus Jordan Nolan in Sharks zone.
15:42 of 2nd period - Snap shot by Drew Doughty.
15:42 of 2nd period - Stopped by Steve Mason without a rebound.
15:43 of 2nd period - Jason Spezza wins face-off versus Jeff Carter in Flyers zone.
15:44 of 2nd period - Wrist shot by Bobby Butler.
15:44 of 2nd period - Shot Blocked by Nathan Beaulieu.
15:46 of 2nd period - Slapshot by Jason Spezza.
15:46 of 2nd period - Stopped by Steve Mason without a rebound.
15:47 of 2nd period - Jeff Carter wins face-off versus Jason Spezza in Flyers zone.
15:51 of 2nd period - Icing by Drew Miller.
15:52 of 2nd period - Mike Cammalleri wins face-off versus Jeff Carter in Flyers zone.
16:17 of 2nd period - Slapshot by Ben Lovejoy.
16:17 of 2nd period - Shot Misses the Net.
17:05 of 2nd period - Snap shot by Jeff Carter.
17:05 of 2nd period - Shot Misses the Net.
17:21 of 2nd period - Wrist shot by Jason Spezza.
17:21 of 2nd period - Deflect By Bobby Butler.
17:21 of 2nd period - Shot Misses the Net.
17:21 of 2nd period - Puck is out of play.
17:22 of 2nd period - Brandon Dubinsky wins face-off versus Jordan Nolan in Flyers zone.
17:23 of 2nd period - Snap shot by Martins Karsums.
17:23 of 2nd period - Stopped by Steve Mason without a rebound.
17:24 of 2nd period - Jordan Nolan wins face-off versus Brandon Dubinsky in Flyers zone.
18:21 of 2nd period - Off-side.
18:22 of 2nd period - Brandon Dubinsky wins face-off versus Jordan Nolan in neutral zone.
18:31 of 2nd period - Snap shot by Jordan Nolan.
18:31 of 2nd period - Goal by Jordan Nolan - Sharks : 4 - Flyers : 3.
18:32 of 2nd period - Jason Spezza wins face-off versus Marcus Kruger in neutral zone.
18:41 of 2nd period - Slapshot by Mike Cammalleri.
18:41 of 2nd period - Shot Blocked by Matt Smaby.
18:43 of 2nd period - Snap shot by Bobby Butler.
18:43 of 2nd period - Goal by Bobby Butler - Sharks : 5 - Flyers : 3.
18:44 of 2nd period - Marcus Kruger wins face-off versus Jason Spezza in neutral zone.
18:49 of 2nd period - Wrist shot by J.T. Miller.
18:49 of 2nd period - Stopped by Ryan Miller with a rebound.
18:55 of 2nd period - Snap shot by Marcus Kruger.
18:55 of 2nd period - Shot Misses the Net.
18:57 of 2nd period - Snap shot by Mats Zuccarello.
18:57 of 2nd period - Stopped by Ryan Miller with a rebound.
18:59 of 2nd period - Snap shot by Marcus Kruger.
18:59 of 2nd period - Shot Misses the Net.
19:01 of 2nd period - Slapshot by Jonathan Ericsson.
19:01 of 2nd period - Deflect By Marcus Kruger.
19:01 of 2nd period - Shot Blocked by Jason Spezza.
19:01 of 2nd period - Puck is out of play.
19:02 of 2nd period - Jordan Nolan wins face-off versus Brandon Dubinsky in Sharks zone.
19:03 of 2nd period - Wrist shot by Brock Nelson.
19:03 of 2nd period - Deflect By Tomas Kubalik.
19:03 of 2nd period - Shot Misses the Net.
19:03 of 2nd period - Puck is out of play.
19:04 of 2nd period - Brandon Dubinsky wins face-off versus Jordan Nolan in Sharks zone.
19:33 of 2nd period - Jordan Nolan is hit by Oskar Osala and loses puck.
19:59 of 2nd period - Minor Penalty to Andrej Sekera for Boarding.
Goals for this period are 3 for Sharks vs 2 for Flyers.
Shots for this period are 12 for Sharks vs 11 for Flyers.

3rd period


0:01 of 3rd period - Jeff Carter wins face-off versus Jason Spezza in neutral zone.
0:04 of 3rd period - Ben Lovejoy is hit by Jeff Carter and loses puck.
0:26 of 3rd period - Ben Lovejoy is hit by Marcus Kruger and loses puck.
1:29 of 3rd period - Adam Larsson is hit by Jakub Voracek and loses puck.
1:58 of 3rd period - Stefan Ruzicka is hit by Mats Zuccarello and loses puck.
1:59 of 3rd period - Penalty to Andrej Sekera is over, Andrej Sekera is back on ice.
2:13 of 3rd period - Wrist shot by Tomas Kubalik.
2:13 of 3rd period - Shot Misses the Net.
2:27 of 3rd period - Martins Karsums is hit by Chris Mcallister and loses puck.
3:11 of 3rd period - Icing by Ryan Callahan.
3:12 of 3rd period - Brandon Dubinsky wins face-off versus Matthew Lombardi in Flyers zone.
3:35 of 3rd period - Slapshot by Matt Smaby.
3:35 of 3rd period - Stopped by Ryan Miller with a rebound.
3:45 of 3rd period - Snap shot by Drew Miller.
3:45 of 3rd period - Stopped by Ryan Miller without a rebound.
3:46 of 3rd period - Luke Adam wins face-off versus Marcus Kruger in Sharks zone.
3:54 of 3rd period - Snap shot by Mats Zuccarello.
3:54 of 3rd period - Stopped by Ryan Miller without a rebound.
3:55 of 3rd period - Marcus Kruger wins face-off versus Luke Adam in Sharks zone.
4:18 of 3rd period - Slapshot by J.T. Miller.
4:18 of 3rd period - Stopped by Ryan Miller without a rebound.
4:19 of 3rd period - Jason Spezza wins face-off versus Jeff Carter in Sharks zone.
4:28 of 3rd period - Backhand shot by Drew Miller.
4:28 of 3rd period - Stopped by Ryan Miller without a rebound.
4:29 of 3rd period - Jeff Carter wins face-off versus Bobby Butler in Sharks zone.
4:36 of 3rd period - Snap shot by Jeff Carter.
4:36 of 3rd period - Shot Misses the Net.
4:38 of 3rd period - Wrist shot by Jakub Voracek.
4:38 of 3rd period - Shot Blocked by Adam Larsson.
4:42 of 3rd period - Wrist shot by Jakub Voracek.
4:42 of 3rd period - Goal by Jakub Voracek - Sharks : 5 - Flyers : 4.
4:43 of 3rd period - Marcus Kruger wins face-off versus Mike Cammalleri in neutral zone.
5:10 of 3rd period - Jonathan Ericsson is hit by Milan Michalek and loses puck.
5:22 of 3rd period - Minor Penalty to Martins Karsums for Hooking.
5:23 of 3rd period - Jason Spezza wins face-off versus Jeff Carter in Sharks zone.
5:30 of 3rd period - Minor Penalty to Jeff Woywitka for Hooking.
5:31 of 3rd period - Jeff Carter wins face-off versus Jason Spezza in Flyers zone.
5:35 of 3rd period - Off-side.
5:36 of 3rd period - Jason Spezza wins face-off versus Jeff Carter in neutral zone.
5:49 of 3rd period - Slapshot by Drew Doughty.
5:49 of 3rd period - Stopped by Steve Mason without a rebound.
5:50 of 3rd period - Jason Spezza wins face-off versus Jeff Carter in Flyers zone.
5:53 of 3rd period - Wrist shot by Jason Spezza.
5:53 of 3rd period - Shot Misses the Net.
5:55 of 3rd period - Slapshot by Drew Doughty.
5:55 of 3rd period - Stopped by Steve Mason with a rebound.
5:57 of 3rd period - Snap shot by Mike Cammalleri.
5:57 of 3rd period - Deflect By Jason Spezza.
5:57 of 3rd period - Shot Misses the Net.
5:57 of 3rd period - Puck is out of play.
5:58 of 3rd period - Jason Spezza wins face-off versus Jeff Carter in Flyers zone.
6:31 of 3rd period - Nathan Beaulieu is hit by Mike Cammalleri and loses puck.
6:44 of 3rd period - Snap shot by Marcus Kruger.
6:44 of 3rd period - Deflect By Drew Miller.
6:44 of 3rd period - Shot Misses the Net.
6:44 of 3rd period - Puck is out of play.
6:45 of 3rd period - Marcus Kruger wins face-off versus Milan Michalek in Sharks zone.
6:56 of 3rd period - Snap shot by Drew Miller.
6:56 of 3rd period - Stopped by Ryan Miller without a rebound.
6:57 of 3rd period - Jason Spezza wins face-off versus Jeff Carter in Sharks zone.
7:04 of 3rd period - Snap shot by Drew Doughty.
7:04 of 3rd period - Shot Blocked by Jonathan Ericsson.
7:08 of 3rd period - Snap shot by Drew Doughty.
7:08 of 3rd period - Deflect By Jason Spezza.
7:08 of 3rd period - Shot Blocked by Matt Smaby.
7:08 of 3rd period - Puck is out of play.
7:09 of 3rd period - Jeff Carter wins face-off versus Jason Spezza in Flyers zone.
7:22 of 3rd period - Penalty to Martins Karsums is over, Martins Karsums is back on ice.
7:30 of 3rd period - Penalty to Jeff Woywitka is over, Jeff Woywitka is back on ice.
7:42 of 3rd period - Backhand shot by Martins Karsums.
7:42 of 3rd period - Stopped by Steve Mason without a rebound.
7:43 of 3rd period - Marcus Kruger wins face-off versus Bobby Butler in Flyers zone.
8:04 of 3rd period - Minor Penalty to J.T. Miller for Hooking.
8:05 of 3rd period - Jason Spezza wins face-off versus Matthew Lombardi in Flyers zone.
8:16 of 3rd period - Wrist shot by Drew Doughty.
8:16 of 3rd period - Shot Misses the Net.
8:20 of 3rd period - Slapshot by Drew Doughty.
8:20 of 3rd period - Goal by Drew Doughty - Sharks : 6 - Flyers : 4.
8:21 of 3rd period - Bobby Butler wins face-off versus Jordan Nolan in neutral zone.
8:51 of 3rd period - Wrist shot by Jakub Voracek.
8:51 of 3rd period - Shot Blocked by Drew Doughty.
8:53 of 3rd period - Snap shot by Jeff Carter.
8:53 of 3rd period - Stopped by Ryan Miller with a rebound.
10:00 of 3rd period - Slapshot by Martins Karsums.
10:00 of 3rd period - Stopped by Steve Mason with a rebound.
10:20 of 3rd period - Wrist shot by Luke Adam.
10:20 of 3rd period - Shot Misses the Net.
10:22 of 3rd period - Snap shot by Oskar Osala.
10:22 of 3rd period - Shot Blocked by Tomas Kubalik.
10:24 of 3rd period - Wrist shot by Luke Adam.
10:24 of 3rd period - Shot Misses the Net.
10:42 of 3rd period - Snap shot by Jakub Voracek.
10:42 of 3rd period - Stopped by Ryan Miller without a rebound.
10:43 of 3rd period - Martins Karsums wins face-off versus Marcus Kruger in Sharks zone.
10:45 of 3rd period - Minor Penalty to Martins Karsums for Holding.
10:46 of 3rd period - Jeff Carter wins face-off versus Jason Spezza in Sharks zone.
11:02 of 3rd period - Snap shot by Drew Miller.
11:02 of 3rd period - Stopped by Ryan Miller with a rebound.
11:28 of 3rd period - Snap shot by J.T. Miller.
11:28 of 3rd period - Shot Blocked by Milan Michalek.
12:06 of 3rd period - Jason Spezza is hit by Jeff Woywitka and loses puck.
12:25 of 3rd period - Stefan Ruzicka is hit by Jeff Carter and loses puck.
12:45 of 3rd period - Penalty to Martins Karsums is over, Martins Karsums is back on ice.
14:15 of 3rd period - Wrist shot by Stefan Ruzicka.
14:15 of 3rd period - Goal by Stefan Ruzicka - Sharks : 7 - Flyers : 4.
14:16 of 3rd period - Marcus Kruger wins face-off versus Jason Spezza in neutral zone.
14:27 of 3rd period - Jason Spezza is hit by Matt Smaby and loses puck.
14:50 of 3rd period - Slapshot by Martins Karsums.
14:50 of 3rd period - Stopped by Steve Mason without a rebound.
14:51 of 3rd period - Marcus Kruger wins face-off versus Brandon Dubinsky in Flyers zone.
14:58 of 3rd period - Slapshot by Drew Doughty.
14:58 of 3rd period - Stopped by Steve Mason with a rebound.
15:00 of 3rd period - Slapshot by Drew Doughty.
15:00 of 3rd period - Shot Blocked by Nathan Beaulieu.
15:02 of 3rd period - Wrist shot by Milan Michalek.
15:02 of 3rd period - Stopped by Steve Mason with a rebound.
15:35 of 3rd period - Wrist shot by Oskar Osala.
15:35 of 3rd period - Stopped by Steve Mason with a rebound.
15:37 of 3rd period - Slapshot by Andrej Sekera.
15:37 of 3rd period - Stopped by Steve Mason with a rebound.
15:39 of 3rd period - Snap shot by Luke Adam.
15:39 of 3rd period - Stopped by Steve Mason without a rebound.
15:40 of 3rd period - Luke Adam wins face-off versus J.T. Miller in Flyers zone.
15:59 of 3rd period - Minor Penalty to Matt Corrente for Interference.
16:00 of 3rd period - Jeff Carter wins face-off versus Jason Spezza in Sharks zone.
16:07 of 3rd period - Snap shot by Drew Miller.
16:07 of 3rd period - Shot Misses the Net.
16:09 of 3rd period - Snap shot by Jeff Woywitka.
16:09 of 3rd period - Shot Misses the Net.
16:11 of 3rd period - Snap shot by Jeff Woywitka.
16:11 of 3rd period - Shot Blocked by Ben Lovejoy.
16:13 of 3rd period - Slapshot by Drew Miller.
16:13 of 3rd period - Shot Misses the Net.
16:27 of 3rd period - Jason Spezza is hit by Mats Zuccarello and loses puck.
17:59 of 3rd period - Penalty to Matt Corrente is over, Matt Corrente is back on ice.
18:41 of 3rd period - Ben Lovejoy is hit by Chris Mcallister and loses puck.
19:19 of 3rd period - Snap shot by Jeff Carter.
19:19 of 3rd period - Deflect By Zach Boychuk.
19:19 of 3rd period - Shot Blocked by Oskar Osala.
19:19 of 3rd period - Puck is out of play.
19:20 of 3rd period - Jeff Carter wins face-off versus Oskar Osala in Sharks zone.
19:25 of 3rd period - Snap shot by Drew Miller.
19:25 of 3rd period - Shot Misses the Net.
19:33 of 3rd period - Slapshot by Jakub Voracek.
19:33 of 3rd period - Shot Blocked by Adam Larsson.
19:47 of 3rd period - Nathan Beaulieu is hit by Andrej Sekera.
Goals for this period are 2 for Sharks vs 1 for Flyers.
Shots for this period are 12 for Sharks vs 10 for Flyers.